 Dungeon Crawl Stone Soup version 0.18-b1-18-g7758cf2 (webtiles) character file.

316 HaroldButt the Chucker (level 6, -2/59 HPs)
             Began as an Ogre Hunter on May 2, 2016.
             Killed by nerve-wracking pain
             ... invoked by an orc priest
              (13 damage)
             ... on level 4 of the Dungeon.
             The game lasted 00:10:59 (3067 turns).

HaroldButt the Chucker (Ogre Hunter)                Turns: 3067, Time: 00:11:00

Health: -2/59      AC:  3    Str: 18    XL:     6   Next: 44%
Magic:  6/6        EV: 10    Int: 10    God:
Gold:   108        SH:  0    Dex: 12    Spells: 0 memorised, 5 levels left

rFire  . . .     SeeInvis +     o - +0 whip (elec)
rCold  + . .     Gourm    .     b - +0 robe
rNeg   . . .     Faith    .     (no shield)
rPois  .         Spirit   .     (helmet restricted)
rElec  .         Dismiss  .     (no cloak)
rCorr  .         Reflect  .     (gloves unavailable)
SustAt .         Harm     .     (boots unavailable)
MR     .....                    (no amulet)
Stlth  +.........               v - ring of see invisible
                                g - ring of protection from cold

@: lethally poisoned (-2 -> -2), not resistant to hostile enchantments, very
unstealthy
A: unfitting armour, tough skin 1
a: no special abilities


You were on level 4 of the Dungeon.
You were hungry.

You visited 1 branch of the dungeon, and saw 4 of its levels.

You collected 108 gold pieces.

Inventory:

Hand Weapons
 o - a +0 whip of electrocution (weapon)
Missiles
 c - 5 large rocks
 d - 2 throwing nets
 i - 91 stones (quivered)
 j - 9 poisoned needles
 m - 4 curare-tipped needles
Armour
 b - a +0 robe (worn)
Jewellery
 a - an uncursed ring of positive energy
 g - a ring of protection from cold (left hand)
 v - a ring of see invisible (right hand)
Wands
 n - a wand of slowing (23/48)
Potions
 e - a potion of magic
 l - a potion of brilliance
 p - a potion of lignification
 s - a potion of curing {unknown}
 u - a potion of mutation {unknown}
Comestibles
 f - 2 bread rations
 h - a meat ration
 k - a royal jelly
 q - 2 beef jerkies
 r - 5 chunks of flesh
 t - 5 fruits


   Skills:
 - Level 2.6 Fighting
 + Level 5.6 Maces & Flails
 - Level 6.0 Throwing
 - Level 1.7 Dodging
 - Level 0.7 Stealth


You had 5 spell levels left.
You didn't know any spells.

Dungeon Overview and Level Annotations

Branches:
Dungeon (4/15)
 Temple: D:4-7

Altars:
Ashenzari
Cheibriados
Yredelemnul


Innate Abilities, Weirdness & Mutations

You are too large for most types of armour.
You have tough skin (AC +1).


Message History

The orc is lightly wounded.
You feel sick. The giant newt barely misses you.
You hit the orc priest but do no damage.
The giant newt bites you. The orc barely misses you.
The orc priest hits you with a hand axe!
You closely miss the orc priest.
The giant newt bites you but does no damage.
You closely miss the orc priest. The orc hits you.
* * * LOW HITPOINT WARNING * * *
The orc priest barely misses you.
The giant newt bites you but does no damage.
You hit the orc priest but do no damage.
The orc closely misses you. The orc priest barely misses you.
The giant newt bites you.
* * * LOW HITPOINT WARNING * * *
You barely miss the orc priest.
You feel sick. The orc hits you.
* * * LOW HITPOINT WARNING * * *
The orc priest calls down the wrath of Beogh upon you.
Pain shoots through your body!
You die...

#o##≈≈≈≈≈...#.##.#....
#..#.≈≈≈.........#....
#..#.###########.# ...
...####..#.. ... ..
.........########## .
######...†o.o.....#
#.......#######o##
#...$......####o###.#
#............l@o....#
#..........####.#####
#####......# #.#
#......# #.# #......#
#.. #.. #... ...


You could see an orc priest, an orc wizard, an orc and a giant newt.

Vanquished Creatures
  A sky beast (D:3)
  A scorpion (D:4)
  Ijyb (D:3)
  Terence (D:2)
  6 adders
  An ooze (D:1)
  2 worms
  4 dart slugs
  A giant gecko (D:3)
  7 bats
  A giant cockroach (D:2)
  6 goblins
  12 hobgoblins
  4 jackals (D:1)
  A kobold (D:1)
  2 ball pythons
  4 giant newts
  3 rats (D:1)
  A plant (D:1)
59 creatures vanquished.

Notes
Turn   | Place    | Note
--------------------------------------------------------------
     0 | D:1      | HaroldButt the Ogre Hunter began the quest for the Orb.
     0 | D:1      | Reached XP level 1. HP: 22/22 MP: 1/1
   361 | D:1      | Reached XP level 2. HP: 19/29 MP: 2/2
   840 | D:1      | Reached XP level 3. HP: 24/36 MP: 3/3
   857 | D:1      | Reached skill level 5 in Throwing
  1303 | D:2      | Found a shattered altar of Ashenzari.
  1315 | D:2      | Noticed Terence
  1326 | D:2      | Killed Terence
  1326 | D:2      | Reached XP level 4. HP: 28/44 MP: 4/4
  1749 | D:2      | Found a faded altar to an unknown god.
  2134 | D:3      | Reached skill level 6 in Throwing
  2283 | D:3      | Noticed Ijyb
  2315 | D:3      | Killed Ijyb
  2315 | D:3      | Reached XP level 5. HP: 28/50 MP: 5/5
  2384 | D:3      | Noticed a sky beast
  2720 | D:3      | Killed a sky beast
  2720 | D:3      | Reached XP level 6. HP: 40/59 MP: 6/6
  2824 | D:3      | Found a basalt altar of Yredelemnul.
  2992 | D:4      | Found a snail-covered altar of Cheibriados.
  3047 | D:4      | Reached skill level 5 in Maces & Flails
  3067 | D:4      | Killed from afar by an orc priest

Skill      XL: |  1  2  3  4  5  6 |
---------------+-------------------+-----
Throwing       | 5 6 |  6.0
Maces & Flails | 2 4 5 |  5.6
Fighting       | |  2.6
Dodging        | |  1.7
Stealth        | |  0.7

Action                   |  1- 3 |  4- 6 || total
-------------------------+-------+-------++-------
Melee: Short sword       |   182 |    50 ||   232
       Whip              |       |    84 ||    84
       Mace              |       |    45 ||    45
Throw: Stone             |    45 |    40 ||    85
       Large rock        |     4 |       ||     4
  Use: Scroll            |     3 |     7 ||    10
       Potion            |       |     1 ||     1
 Stab: Sleeping          |       |     1 ||     1
  Eat: Chunk             |     1 |     6 ||     7
Armor: Robe              |    40 |    28 ||    68
       Skin              |       |    36 ||    36
Dodge: Dodged            |    59 |    75 ||   134
